 Dungeon Crawl Stone Soup version 0.32-a0-441-gaf4921d101 (webtiles) character file.

Game seed: 5399817221788563772

138467 Jannitor the Messiah (level 16, -11/129 HPs)
             Began as a Demonspawn Wanderer on Feb 22, 2024.
             Was the Champion of Beogh.
             Mangled by an ice dragon simulacrum (16 damage)
             ... in an ice cave on Feb 23, 2024.
             The game lasted 01:42:40 (29842 turns).

Jannitor the Messiah (Demonspawn Wanderer)         Turns: 29842, Time: 01:42:42

Health: -11/129    AC: 11    Str: 15    XL:     16   Next: 71%
Magic:  21/31      EV: 20    Int: 23    God:    Beogh [******]
Gold:   545        SH:  0    Dex: 20    Spells: 6/37 levels left

rFire   + + .        e - +7 lajatang (pain)
rCold   . . .        (shield currently unavailable)
rNeg    + . .        W - +1 robe of Vines {NoPotionHeal Regen++++}
rPois   .            (helmet restricted)
rElec   .            b - +2 cloak
rCorr   .            C - +2 pair of gloves
SInv    +            o - +0 pair of boots
Will    ++...        l - amulet of the acrobat
Stlth   ++           V - ring of the Enfolding Genius {rF++ Dex+6}
HPRegen 3.61/turn    P - ring of the Scarab {rN+ Will+ Int+2 SInv}
MPRegen 0.22/turn

%: acrobat
@: wreathed by umbra
A: walk on water, antennae 2, demonic guardian 3, big brain 2, foul shadow 1
a: Renounce Religion, Smiting, Recall Apostles, Blood for Blood, Dismiss
Warbeogh, warrior, Dismiss Rocco, wizard, Dismiss Marbaugh, warrior


You were in an ice cave.
You worshipped Beogh.
Beogh was exalted by your worship.
You visited 4 branches of the dungeon, and saw 26 of its levels.
You also visited: Ossuary, Bailey, Gauntlet and Ice Cave.

You collected 2281 gold pieces.
You spent 1736 gold pieces at shops.

Inventory:

Hand Weapons
 e - a +7 lajatang of pain (weapon)
Missiles
 d - 6 throwing nets
 p - 5 curare-tipped darts (quivered)
Armour
 b - a +2 cloak (worn)
 o - a +0 pair of boots (worn)
 C - a +2 pair of gloves (worn)
 R - the +3 chain mail of the Mertaur {rF++ Dex+5 Stlth-}
   (You found it on level 1 of the Lair of Beasts)

   Dex+5:     It affects your dexterity (+5).
   rF++:      It greatly protects you from fire.
   Stlth-:    It makes you less stealthy.
 T - +0 acid dragon scales
 W - the +1 robe of Vines (worn) {NoPotionHeal Regen++++}
   (You found it on level 3 of the Lair of Beasts)

   NoPotionHeal: Its wearer cannot be healed by potions.
   Regen++++: It increases your rate of health regeneration.
Jewellery
 j - a ring of flight
 l - an amulet of the acrobat (around neck)
 r - a ring of ice
 F - a ring of fire
 P - the ring of the Scarab (right hand) {rN+ Will+ Int+2 SInv}
   (You found it in a Gauntlet)

   [ring of see invisible]

   Int+2:     It affects your intelligence (+2).
   rN+:       It protects you from negative energy.
   Will+:     It increases your willpower.
   SInv:      It lets you see invisible.
 U - a +4 ring of protection
 V - the ring of the Enfolding Genius (left hand) {rF++ Dex+6}
   (You bought it in a shop on level 2 of the Orcish Mines)

   [ring of dexterity]

   Dex+6:     It affects your dexterity (+6).
   rF++:      It greatly protects you from fire.
Talismans
 S - a talisman of death
Wands
 h - a wand of flame (21)
 x - a wand of digging (2)
 L - a wand of light (23)
 O - a wand of roots (15)
 Q - a wand of polymorph (4)
 Z - a wand of paralysis (3)
Scrolls
 a - 2 scrolls of silence
 c - 7 scrolls of fog
 k - 2 scrolls of enchant armour
 n - 5 scrolls of vulnerability
 q - 2 scrolls of brand weapon
 w - 2 scrolls of revelation
 y - 8 scrolls of teleportation
 z - 3 scrolls of summoning
 B - 2 scrolls of immolation
 J - 6 scrolls of identify
 N - 3 scrolls of poison
Potions
 f - 5 potions of curing
 g - 5 potions of attraction
 i - a potion of haste
 m - 2 potions of cancellation
 s - 8 potions of heal wounds
 t - a potion of magic
 u - 2 potions of ambrosia
 v - 6 potions of brilliance
 A - 5 potions of might
 D - 7 potions of resistance
 E - 6 potions of lignification
 G - 5 potions of mutation
 H - 2 potions of enlightenment
 I - 3 potions of invisibility
Miscellaneous
 M - a phial of floods
 X - a box of beasts


   Skills:
 + Level 12.4 Fighting
 - Level 3.0(6.8) Maces & Flails
 - Level 5.3(8.1) Polearms
 + Level 9.5(10.4) Staves
 - Level 5.2 Armour
 + Level 11.0 Dodging
 + Level 11.0 Spellcasting
 + Level 7.8 Hexes
 - Level 7.6 Summonings
 + Level 12.1 Necromancy
 + Level 14.1 Invocations
 - Level 5.9 Evocations


You had 6 spell levels left.
You knew the following spells:

 Your Spells              Type           Power      Damage    Failure   Level
a - Vampiric Draining     Necr           62%        2d10      1%          3
b - Jinxbite              Hex            96%        N/A       1%          2
c - Confusing Touch       Hex            48%        N/A       1%          3
d - Cigotuvi's Dreadful   Necr/Alch/Air  62%        N/A       1%          2
e - Martyr's Knell        Necr/Summ      55%        N/A       1%          4
f - Sublimation of Blood  Necr           62%        N/A       1%          2
g - Slow                  Hex            100%       N/A       1%          1
h - Dispel Undead         Necr           62%        3d22      1%          4
i - Death Channel         Necr           31%        N/A       5%          6
j - Anguish               Hex/Necr       28%        N/A       1%          4

Your spell library contained the following spells:

 Spells                   Type           Power      Damage    Failure   Level
 Necrotise                Necr           100%       1d9       1%          1
 Summon Small Mammal      Summ           100%       N/A       1%          1
 Call Imp                 Summ           94%        N/A       1%          2
 Sigil of Binding         Hex            48%        N/A       1%          3
 Cause Fear               Hex            24%        N/A       1%          4
 Inner Flame              Hex/Fire       30%        N/A       3%          3
 Summon Ice Beast         Ice/Summ       30%        N/A       3%          3
 Apportation              Tloc           24%        N/A       4%          1
 Foxfire                  Conj/Fire      48%        2x1d6     4%          1
 Sting                    Conj/Alch      48%        1d6       4%          1
 Summon Mana Viper        Hex/Summ       48%        N/A       6%          5
 Animate Armour           Summ/Erth      60%        N/A       11%         4
 Summon Lightning Spire   Summ/Air       30%        N/A       11%         4
 Borgnjor's Vile Clutch   Necr/Erth      20%        N/A       12%         5
 Gell's Gravitas          Tloc           12%        N/A       16%         3
 Stone Arrow              Conj/Erth      24%        3d8       16%         3
 Teleport Other           Tloc           12%        N/A       16%         3
 Flame Wave               Conj/Fire      12%        2d6       45%         4
 Leda's Liquefaction      Alch/Erth      6%         N/A       45%         4
 Petrify                  Alch/Erth      12%        N/A       45%         4
 Sticky Flame             Fire/Alch      12%        2d5       45%         4
 Fireball                 Conj/Fire      6%         3d5       80%         5
 Irradiate                Conj/Alch      6%         3d13      80%         5
 Lee's Rapid Deconstruct  Erth           6%         3d6*      80%         5
 Dispersal                Tloc           6%         N/A       100%        6
 Plasma Beam              Fire/Air       6%         2x1d16    100%        6
 Starburst                Conj/Fire      6%         6d4       100%        6
 Enfeeble                 Hex            24%        N/A       86%         7
 Monstrous Menagerie      Summ           23%        N/A       88%         7
 Summon Hydra             Summ           23%        N/A       88%         7
 Lehudib's Crystal Spear  Conj/Erth      6%         10d3      100%        8
 Dragon's Call            Summ           23%        N/A       100%        9


Dungeon Overview and Level Annotations

Branches:
Dungeon (15/15)            Temple (0/1) D:7            Lair (5/5) D:9
 Shoals (4/4) Lair:2       Spider (0/4) Lair:3        Slime (0/5) Lair:4
    Orc (2/2) D:9             Elf (0/3) Orc:2        Vaults (0/5) D:13
 Depths (0/4) D:15        Ossuary (visited)          Bailey (visited)
  IceCv (1/1)             Gauntlet (visited)

Altars:
Cheibriados
Gozag
Kikubaaqudgha
Makhleb
Qazlal
Sif Muna
Trog
Vehumet
Xom
Beogh
Jiyva

Shops:
D:1 ?   D:3 ?*   D:5 ?   D:10 =   Orc:1 ?:   Orc:2 *([=   Shoals:1 *:!
Shoals:3 *(([   Shoals:4 (

Annotations:
D:3 Grinder
D:8 exclusion: door
D:11 2 transporters, Gargoyl's ghost, journeyman GrBe
Shoals:1 2 transporters, exclusion: orange crystal statue


Innate Abilities, Weirdness & Mutations

You can walk on water.
Your facial features are unmistakably orcish.
You have a pair of antennae on your head.
A powerful demonic guardian rushes to your aid.
You have an extremely huge brain. (Int +4)
You are faintly shadowed, very rarely releasing foul flame when damaged in melee.


Message History

Casting: Martyr's Knell (mildly dangerous; 1% risk of failure)
Confirm with . or Enter, or press ? or * to list all spells.
Okay, then.
Unknown command.
The ice dragon simulacrum bites Marbaugh but does no damage.
The ice dragon simulacrum claws Marbaugh but does no damage.
The ice dragon simulacrum misses Marbaugh.
The ice dragon simulacrum bites Marbaugh but does no damage.
The ice dragon simulacrum misses Marbaugh.
The ice dragon simulacrum tramples Marbaugh.
Marbaugh holds their ground!
You swap places.
The ice dragon simulacrum completely misses you. x2
The ice dragon simulacrum tramples you but does no damage.
The ice dragon simulacrum completely misses you. x2
The ice dragon simulacrum closely misses you.
Unknown command.
You hit the ice dragon simulacrum.
The ice dragon simulacrum is lightly damaged.
Marbaugh hits the ice dragon simulacrum with the +6 great sword of Kismet {freeze, rC- Will+ rCorr Str+2}!
Unknown command.
You slash the ice dragon simulacrum!
The ice dragon simulacrum is severely damaged.
The golden dragon simulacrum bites you!
A demonic guardian appears!
The golden dragon simulacrum freezes you!!
The golden dragon simulacrum claws you!
The golden dragon simulacrum freezes you!!!
The golden dragon simulacrum resists.
The golden dragon simulacrum is seared by the foul flame within you.
The golden dragon simulacrum is lightly damaged.
The golden dragon simulacrum completely misses you.
The ice dragon simulacrum bites you but does no damage.
The ice dragon simulacrum claws you! The ice dragon simulacrum freezes you!!
* * * LOW HITPOINT WARNING * * *
The ice dragon simulacrum tramples you but does no damage.
The ice dragon simulacrum closely misses you.
The ice dragon simulacrum claws you.
* * * LOW HITPOINT WARNING * * *
The ice dragon simulacrum freezes you!
You die...

#####
##...##
##..∩..##
#.......#
#...∩...#
##oW..3##
##o@o##


#ZZZ# #...## #...# #.... ..#.. .####. ## .# You could see 2 ice dragon
simulacra, a golden dragon simulacrum, the friendly Marbaugh the orc apostle
(sheltered), the friendly Rocco the orc apostle (sheltered), the friendly
Warbeogh the orc apostle (sheltered), a friendly martyred shade (summoned) and a
friendly smoke demon (summoned).

Vanquished Creatures
  Frances (D:14)
  Nessos (Lair:4)
  A minotaur (Gauntlet)
  The ghost of Uthaykk the Grappler, a journeyman TrFi of Wu Jian (D:12)
  The ghost of SkaryMonk the Cleaver, a journeyman CoGl of Nemelex Xobeh (Orc:2)
  Snorg (D:10)
  A merfolk javelineer (Shoals:4)
  4 catoblepae
  2 hydras (D:15)
  An alligator snapping turtle (Shoals:4)
  A satyr (Shoals:2)
  3 two-headed ogres
  A merfolk avatar (Shoals:3)
  A boulder beetle (D:13)
  2 death yaks
  A tengu warrior (D:13)
  2 orc high priests
  6 spriggans (Lair:5)
  2 skysharks
  2 skeletal warriors (D:14)
  A deep troll (shapeshifter) (D:15)
  4 sea snakes
  A pharaoh ant (Lair:3)
  4 arcanists
  3 orc knights
  3 harpies
  A deep elf pyromancer (D:13)
  2 manticores
  5 ugly things
  A wolf spider (D:11)
  A moth of wrath (Gauntlet)
  A worldbinder (Gauntlet)
  3 cyclopes
  A black mamba (Lair:3)
  A water nymph (Shoals:3)
  A kobold blastminer (Orc:2)
  An elephant (D:9)
  Jeremiah (D:6)
  A torpor snail (Lair:1)
  A cane toad (shapeshifter) (D:15)
  A rime drake (Lair:5)
  2 gargoyles (D:14)
  2 cane toads
  An unseen horror (D:10)
  6 komodo dragons
  An efreet (D:15)
  2 kobold demonologists (D:10)
  3 trolls
  3 merfolk
  2 polar bears (Lair:5)
  4 hornets (Lair:5)
  A wind drake (Shoals:1)
  A snapping turtle (Shoals:2)
  Prince Ribbit (D:5)
  3 dream sheep
  7 blink frogs
  A raiju (Orc:2)
  A slime creature (D:13)
  A dream sheep (shapeshifter) (D:15)
  Sigmund (D:5)
  A spriggan (shapeshifter) (D:13)
  A shadow (D:11)
  A centaur simulacrum (D:11)
  A wyvern (Lair:4)
  4 vampire mosquitoes
  2 basilisks
  31 yaks
  2 wargs
  4 redbacks
  An acid dragon (D:12)
  7 water moccasins
  A sky beast (D:6)
  5 orc warriors
  5 black bears
  7 centaurs
  14 wolves
  5 boggarts
  2 ogres
  A phantom (D:6)
  Blork the orc (D:6)
  18 kobold brigands
  4 bullfrogs
  A weeping skull (Ossuary)
  2 water moccasin zombies (Ossuary)
  9 scorpions
  7 wights
  3 killer bees (D:10)
  4 howler monkeys
  A bombardier beetle (D:6)
  A crimson imp (D:7)
  A hound (D:6)
  3 orc priests
  A jelly (D:7)
  4 sleepcaps
  3 iguanas
  3 orc wizards
  2 hell rats (Lair:3)
  A crocodile zombie (Ossuary)
  Robin (D:2)
  9 adders
  10 gnolls
  8 river rats (D:6)
  2 white imps (D:6)
  4 ufetubi (D:5)
  2 adder zombies (Ossuary)
  5 ribbon worms
  2 dart slugs (D:3)
  9 orcs
  8 endoplasms
  4 giant cockroaches
  6 gnoll zombies (Ossuary)
  16 goblins
  8 hobgoblins
  3 jackals
  12 quokkas
  5 ball pythons
  2 bats
  A frilled lizard (D:3)
  2 jackal zombies (Ossuary)
  15 kobolds
  An orc zombie (Ossuary)
  23 rats
  A tentacle (Shoals:2)
439 creatures vanquished.

Vanquished Creatures (collateral kills)
  Saint Roka (Orc:2)
  Rupert (D:15)
  A kraken (Shoals:2)
  Polyphemus (Shoals:2)
  Roxanne (D:15)
  Louise (D:14)
  A merfolk impaler (Shoals:1)
  A fire dragon (D:15)
  9 hydras
  A catoblepas (Lair:3)
  Harold (D:9)
  3 two-headed ogres
  4 boulder beetles
  A centaur warrior (D:11)
  A merfolk aquamancer (Shoals:3)
  8 death yaks
  3 skysharks
  A sea snake (Shoals:2)
  A fire crab (Lair:5)
  2 skeletal warriors (D:14)
  An oklob plant (Lair:3)
  2 orc knights (Orc:2)
  7 harpies
  13 ugly things
  5 fauns
  3 cyclopes
  2 orc sorcerers
  4 manticores
  2 merfolk sirens
  A kobold blastminer (Orc:2)
  A water nymph (Shoals:1)
  3 black mambas (Lair:5)
  An ice statue (Shoals:4)
  10 cane toads
  A cane toad (shapeshifter) (D:15)
  3 gargoyles
  4 orange demons
  A rime drake (Lair:4)
  8 komodo dragons
  2 efreet
  A freezing wraith (D:15)
  6 polar bears
  15 merfolk
  4 hornets
  3 wind drakes
  4 trolls
  20 blink frogs
  8 dream sheep
  5 slime creatures
  3 snapping turtles
  8 spriggans (Lair:5)
  A ynoxinul (D:12)
  A wraith (D:13)
  4 water elementals
  17 yaks
  A wyvern (Lair:1)
  A fire bat (Orc:2)
  A steam dragon (D:9)
  3 basilisks
  3 wargs (Orc:2)
  A redback (Gauntlet)
  A vampire mosquito (D:12)
  6 water moccasins
  9 orc warriors
  A hell hound (Orc:2)
  A swamp drake (D:9)
  An ice beast (D:7)
  A black bear (Lair:1)
  21 wolves
  2 ogres (Orc:2)
  2 centaurs
  A boggart (Lair:5)
  A nameless horror (Lair:2)
  2 kobold brigands (D:10)
  4 bullfrogs
  5 water moccasin zombies (Ossuary)
  2 scorpions (D:9)
  A wight (D:9)
  2 killer bees (D:10)
  An electric eel (Lair:2)
  4 howler monkeys
  A gnoll bouda (D:7)
  6 orc priests
  A hound (D:7)
  A jelly (D:7)
  5 orc wizards
  3 hell rats
  2 bullfrog simulacra (Ossuary)
  2 mummies (Ossuary)
  2 gnolls (D:7)
  2 adder zombies (Ossuary)
  4 orcs
  An endoplasm (D:3)
  3 gnoll zombies (Ossuary)
  2 goblins (D:7)
  5 kobolds (D:10)
  2 jackal zombies (Ossuary)
  2 orc zombies (Ossuary)
  16 foxfires
  A tentacle (Shoals:2)
356 creatures vanquished.

Vanquished Creatures (others)
  A merfolk javelineer (Shoals:2)
  A merfolk impaler (Shoals:3)
  An orc knight (D:12)
  2 harpies (Shoals:2)
  A cyclops (D:11)
  A manticore (Shoals:3)
  A water nymph (D:15)
  A merfolk (Shoals:3)
  5 orc apostles
  2 orc warriors
  An ogre (D:12)
  4 orc wizards
  18 orcs
  209 foxfires
  4 tentacles (Shoals:2)
252 creatures vanquished.

Grand Total: 1047 creatures vanquished

Notes
Turn   | Place    | Note
-------+----------+-------------------------------------------
     0 | D:1      | Jannitor the Demonspawn Wanderer began the quest for the
                  | Orb.
     0 | D:1      | Jannitor set off with the following items: a +0
                  | quarterstaff, a +0 cloak, a potion of heal wounds, a +0
                  | robe; and the following spell memorised: Slow; and the
                  | following spells available to memorise: Jinxbite, Confusing
                  | Touch.
     0 | D:1      | Reached XP level 1. HP: 13/13 MP: 2/2
    22 | D:1      | Found a faded altar of an unknown god.
   199 | D:1      | Reached skill level 1 in Fighting
   266 | D:1      | Gained mutation: You have a pair of small antennae on your
                  | head. [demonic ancestry]
   266 | D:1      | Reached XP level 2. HP: 13/21 MP: 3/3
   736 | D:1      | Found Hoineymm's Magic Scroll Shoppe.
   739 | D:1      | Bought a scroll of teleportation for 39 gold pieces
   759 | D:1      | Learned a level 2 spell: Jinxbite
  1000 | D:2      | Reached XP level 3. HP: 27/27 MP: 4/4
  1281 | D:2      | Noticed Robin
  1294 | D:2      | Killed Robin
  1303 | D:2      | Gained mutation: A weak demonic guardian rushes to your
                  | aid. [demonic ancestry]
  1303 | D:2      | Reached XP level 4. HP: 15/34 MP: 3/5
  1873 | D:3      | Became a worshipper of Beogh the Shepherd
  2142 | D:3      | Noticed Grinder
  2150 | D:3      | Reached XP level 5. HP: 30/41 MP: 3/6
  2314 | D:3      | Learned a level 3 spell: Confusing Touch
  2594 | D:3      | Found The Oracle's Delphic Readings.
  2944 | D:4      | Identified the +7 flail of Ciaggoli {elec, rF+}
  3090 | D:4      | Reached skill level 1 in Armour
  3091 | D:4      | Gained mutation: You have an unusually large brain. (Int
                  | +2) [demonic ancestry]
  3091 | D:4      | Reached XP level 6. HP: 47/47 MP: 6/8
  3097 | D:4      | Reached skill level 2 in Invocations
  3151 | D:4      | Reached skill level 1 in Maces & Flails
  3152 | D:4      | Reached * piety under Beogh
  3598 | D:4      | Gained mutation: You are faintly shadowed, very rarely
                  | releasing foul flame when damaged in melee. [demonic
                  | ancestry]
  3598 | D:4      | Reached XP level 7. HP: 48/51 MP: 4/9
  3934 | D:5      | Entered Level 5 of the Dungeon
  3940 | D:5      | Reached skill level 3 in Invocations
  4058 | D:5      | Noticed Sigmund
  4079 | D:5      | Killed Sigmund
  4396 | D:5      | Noticed Prince Ribbit
  4406 | D:5      | Killed Prince Ribbit
  4407 | D:5      | Reached XP level 8. HP: 61/61 MP: 5/12
  4545 | D:5      | Reached skill level 4 in Invocations
  4651 | D:5      | Found Veoteptoef's Magic Scroll Shoppe.
  4655 | D:5      | Bought a scroll of identify for 26 gold pieces
  5495 | D:1      | Bought a scroll of teleportation for 39 gold pieces
  5495 | D:1      | Bought a scroll of summoning for 123 gold pieces
  5562 | D:3      | Found Venaucoz's Assorted Antiques.
  5697 | D:3      | Bought a scroll of identify for 20 gold pieces
  5697 | D:3      | Identified a scroll of acquirement
  5698 | D:3      | Acquired a +1 lajatang of pain
  5710 | D:3      | Learned a level 2 spell: Cigotuvi's Dreadful Rot
  6003 | D:6      | Reached skill level 1 in Necromancy
  6029 | D:6      | Reached skill level 5 in Fighting
  6035 | D:6      | Reached skill level 1 in Polearms
  6089 | D:6      | Noticed Jeremiah
  6100 | D:6      | Reached ** piety under Beogh
  6558 | D:6      | Killed Jeremiah
  6559 | D:6      | Reached XP level 9. HP: 48/68 MP: 8/14
  6673 | D:6      | Found an opulent altar of Gozag.
  6913 | D:6      | Noticed Blork the orc
  6925 | D:6      | Killed Blork the orc
  7043 | D:6      | Found a bloodstained altar of Trog.
  7392 | D:6      | Reached *** piety under Beogh
  7410 | D:6      | Noticed Margrim
  7438 | D:6      | Anointed Margrim the warrior as your apostle
  7614 | D:7      | Found a sand-covered staircase.
  7624 | Ossuary  | Entered an ossuary
  7704 | Ossuary  | Reached skill level 5 in Dodging
  7771 | Ossuary  | Reached **** piety under Beogh
  7850 | D:7      | Found a snail-covered altar of Cheibriados.
  7871 | D:7      | Found a flagged portal.
  7875 | D:7      | Identified the +1 robe of Tempters {Rampage}
  7875 | D:7      | Noticed Bogric
  7890 | D:7      | Anointed Bogric the wizard as your apostle
  7900 | Bailey   | Entered a bailey
  7993 | Bailey   | Learned a level 4 spell: Martyr's Knell
  8394 | D:7      | Found a staircase to the Ecumenical Temple.
  8449 | D:7      | Reached XP level 10. HP: 71/71 MP: 17/17
  8497 | D:7      | Found a radiant altar of Vehumet.
  8497 | D:7      | Found a burning altar of Makhleb.
  8836 | D:8      | Found a stormy altar of Qazlal.
  9146 | D:8      | Identified the +3 scimitar "Kuijaj" {freeze, *Noise rPois
                  | rCorr Str+5}
  9405 | D:8      | Reached skill level 5 in Spellcasting
  9405 | D:8      | Reached skill level 1 in Summonings
 10035 | D:9      | Reached skill level 5 in Armour
 10043 | D:9      | Reached skill level 5 in Invocations
 10045 | D:9      | Found a staircase to the Lair.
 10045 | D:9      | Noticed an elephant
 10051 | D:9      | Killed an elephant
 10277 | D:9      | Found a staircase to the Orcish Mines.
 10646 | D:9      | Noticed Harold
 10656 | D:9      | Killed Harold
 10657 | D:9      | Reached skill level 5 in Necromancy
 11061 | Lair:1   | Entered Level 1 of the Lair of Beasts
 11073 | Lair:1   | Reached skill level 6 in Invocations
 11148 | Lair:1   | Reached XP level 11. HP: 81/84 MP: 19/19
 11367 | Lair:1   | Noticed Hilgar
 11383 | Lair:1   | Anointed Hilgar the wizard as your apostle
 11935 | Lair:1   | Noticed a death yak
 11936 | Lair:1   | Found a shimmering altar of Xom.
 11936 | Lair:1   | Noticed a death yak
 11944 | Lair:1   | Killed a death yak
 11945 | Lair:1   | Reached skill level 5 in Polearms
 11948 | Lair:1   | Killed a death yak
 11954 | Lair:1   | Reached skill level 7 in Invocations
 12024 | Lair:1   | Identified the +3 chain mail of the Mertaur {rF++ Dex+5
                  | Stlth-}
 12802 | Lair:1   | Upgraded the game from 0.32-a0-427-g448f42529f to
                  | 0.32-a0-441-gaf4921d101
 12970 | Lair:2   | Noticed a four-headed hydra
 12978 | Lair:2   | Killed a five-headed hydra
 13054 | Lair:2   | Noticed a catoblepas
 13067 | Lair:2   | Killed a catoblepas
 13068 | Lair:2   | Gained mutation: You have a pair of antennae on your head.
                  | [demonic ancestry]
 13068 | Lair:2   | Reached XP level 12. HP: 54/93 MP: 19/22
 13268 | Lair:2   | Reached skill level 8 in Invocations
 13484 | Lair:2   | Reached skill level 5 in Summonings
 13650 | Lair:2   | Found a staircase to the Shoals.
 13895 | Lair:3   | Noticed a six-headed hydra
 13896 | Lair:3   | Noticed a five-headed hydra
 13901 | Lair:3   | Killed a seven-headed hydra
 13905 | Lair:3   | Killed a five-headed hydra
 14115 | Lair:3   | Found the +1 robe of Vines {NoPotionHeal Regen++++}
 14223 | Lair:3   | Found a hole to the Spider Nest.
 14267 | Lair:3   | Noticed a catoblepas
 14281 | Lair:3   | Killed a catoblepas
 14282 | Lair:3   | Reached skill level 9 in Invocations
 14523 | Lair:3   | Reached skill level 5 in Staves
 14601 | Lair:3   | Identified the +9 battleaxe of Wyrd {vamp, rN+ Int+4}
 14883 | Lair:3   | Noticed an eight-headed hydra
 14888 | Lair:3   | Noticed a seven-headed hydra
 14891 | Lair:3   | Killed an eight-headed hydra
 14896 | Lair:3   | Killed a seven-headed hydra
 15793 | Lair:4   | Reached ***** piety under Beogh
 15880 | Lair:4   | Gained mutation: A demonic guardian rushes to your aid.
                  | [demonic ancestry]
 15880 | Lair:4   | Reached XP level 13. HP: 87/101 MP: 20/24
 15991 | Lair:4   | Noticed Nessos
 16010 | Lair:4   | Killed Nessos
 16012 | Lair:4   | Your ally Bogric died
 16150 | Lair:4   | Found a viscous altar of Jiyva.
 16151 | Lair:4   | Found a staircase to the Slime Pits.
 16598 | Lair:5   | Entered Level 5 of the Lair of Beasts
 16881 | Lair:5   | Reached skill level 10 in Invocations
 16907 | Lair:5   | Noticed Warbeogh
 16922 | Lair:5   | Your ally Bogric died
 16946 | Lair:5   | Anointed Warbeogh the warrior as your apostle
 17153 | Lair:5   | Reached skill level 1 in Evocations
 17258 | Lair:5   | Reached skill level 10 in Fighting
 17279 | Lair:5   | Learned a level 2 spell: Sublimation of Blood
 17283 | Lair:5   | Learned a level 3 spell: Vampiric Draining
 17288 | Lair:5   | Learned a level 4 spell: Dispel Undead
 17479 | Lair:5   | Reached XP level 14. HP: 110/110 MP: 24/26
 17558 | Lair:5   | Paralysed by a hornet for 3 turns
 17671 | Lair:5   | Reached skill level 11 in Invocations
 18348 | Orc:1    | Entered Level 1 of the Orcish Mines
 18348 | Orc:1    | Found a radiant altar of Vehumet.
 18535 | Orc:2    | Entered Level 2 of the Orcish Mines
 18541 | Orc:2    | Found Iche's Antique Armour Shoppe.
 18560 | Orc:2    | Noticed Saint Roka
 18791 | D:10     | Entered Level 10 of the Dungeon
 18908 | D:10     | Reached ****** piety under Beogh
 19122 | D:10     | Identified the +5 dagger "Hydrabane" {spect, rElec}
 19143 | D:10     | Noticed Snorg
 19148 | D:10     | Your ally Margrim died
 19230 | D:10     | Your ally Warbeogh died
 19270 | D:10     | Anointed Rocco the wizard as your apostle
 19476 | D:10     | Found Miyb's Jewellery Boutique.
 19642 | D:10     | Killed Snorg
 19903 | D:11     | Found a transporter.
 19903 | D:11     | Found a transporter.
 19918 | D:11     | Noticed Gargoyl's ghost (journeyman GrBe)
 19942 | D:11     | Reached skill level 10 in Necromancy
 20849 | D:12     | Noticed Uthaykk's ghost (journeyman TrFi)
 20929 | D:10     | Bought a +4 ring of protection for 432 gold pieces
 20994 | D:12     | Found a runed translucent door.
 21048 | D:12     | Killed Uthaykk's ghost
 21515 | D:12     | Reached skill level 12 in Invocations
 21561 | D:12     | Found a roughly hewn altar of Beogh.
 22422 | D:13     | Gained mutation: A powerful demonic guardian rushes to your
                  | aid. [demonic ancestry]
 22422 | D:13     | Reached XP level 15. HP: 116/118 MP: 23/28
 22642 | D:13     | Found an ancient bone altar of Kikubaaqudgha.
 22717 | D:13     | Reached skill level 5 in Evocations
 22775 | D:13     | Found a gate to the Vaults.
 23644 | Orc:2    | Found Neisim's Jewellery Shoppe.
 23661 | Orc:2    | Bought the ring of the Enfolding Genius {rF++ Dex+6} for
                  | 847 gold pieces
 23693 | Orc:1    | Found Paemuhat's Vocational Training.
 23729 | Orc:1    | Found Pixid's Magic Scroll Shoppe.
 23826 | Orc:1    | Learned a level 6 spell: Death Channel
 23914 | Orc:2    | Killed Saint Roka
 23941 | Orc:2    | Found Heskof's Antique Weapon Boutique.
 23956 | Orc:2    | Found a staircase to the Elven Halls.
 23958 | Orc:2    | Reached skill level 10 in Dodging
 24116 | Orc:2    | Found Mewkao's General Store.
 24124 | Orc:2    | Bought a scroll of enchant weapon for 105 gold pieces
 24124 | Orc:2    | Bought a scroll of blinking for 105 gold pieces
 24132 | Orc:2    | Found a large runed translucent door.
 24132 | Orc:2    | Found a large runed translucent door.
 24140 | Orc:2    | Noticed SkaryMonk's ghost (journeyman CoGl)
 24213 | Orc:2    | Found a shimmering altar of Xom.
 24324 | Orc:2    | Killed SkaryMonk's ghost
 24336 | Orc:2    | Learned a level 4 spell: Anguish
 24642 | D:14     | Reached skill level 10 in Spellcasting
 24665 | D:14     | Found a gate leading to a gauntlet.
 24671 | D:14     | Noticed Louise
 24676 | D:14     | Killed Louise
 24689 | Gauntlet | Entered a Gauntlet
 24689 | Gauntlet | Found a transporter.
 24689 | Gauntlet | Found a transporter.
 24807 | Gauntlet | Found a transporter.
 24807 | Gauntlet | Found a transporter.
 24816 | Gauntlet | Found a transporter.
 24835 | Gauntlet | Found a transporter.
 24845 | Gauntlet | Found a transporter.
 24845 | Gauntlet | Found a transporter.
 24851 | Gauntlet | Found a transporter.
 24880 | Gauntlet | Found a transporter.
 24887 | Gauntlet | Found a transporter.
 24905 | Gauntlet | Found a transporter.
 24940 | Gauntlet | Found a transporter.
 24942 | Gauntlet | Found a large runed translucent door.
 24942 | Gauntlet | Found a large runed translucent door.
 24943 | Gauntlet | Found a large runed translucent door.
 24943 | Gauntlet | Found a large runed translucent door.
 24944 | Gauntlet | Found a large runed translucent door.
 24944 | Gauntlet | Found a runed translucent door.
 24944 | Gauntlet | Found a large runed translucent door.
 24944 | Gauntlet | Found a runed translucent door.
 24944 | Gauntlet | Found a large runed translucent door.
 24944 | Gauntlet | Found a large runed translucent door.
 24945 | Gauntlet | Found a large runed translucent door.
 24945 | Gauntlet | Found a large runed translucent door.
 24948 | Gauntlet | Found a large runed translucent door.
 24948 | Gauntlet | Found a large runed translucent door.
 24950 | Gauntlet | Found a large runed translucent door.
 24950 | Gauntlet | Found a large runed translucent door.
 24950 | Gauntlet | Found a large runed translucent door.
 24952 | Gauntlet | Found a runed translucent gate.
 24952 | Gauntlet | Found a runed translucent gate.
 24952 | Gauntlet | Found a runed translucent gate.
 24954 | Gauntlet | Found a transporter.
 24965 | Gauntlet | Found a large runed translucent door.
 25055 | Gauntlet | Found a transporter.
 25071 | Gauntlet | Found a transporter.
 25360 | Gauntlet | Your ally Rocco died
 25386 | Gauntlet | Identified the ring of the Scarab {rN+ Will+ Int+2 SInv}
 25456 | Gauntlet | Identified the +8 whip "Ethraja" {vamp, rC+}
 25456 | Gauntlet | Identified the +4 arbalest of Income {drain, rC+ rN+}
 25457 | Gauntlet | Got the Octavo of Silt
 25491 | D:14     | Identified the +6 great sword of Kismet {freeze, rC- Will+
                  | rCorr Str+2}
 25517 | D:14     | Anointed Marbaugh the warrior as your apostle
 25736 | D:14     | Noticed Frances
 25745 | D:14     | Killed Frances
 25964 | D:15     | Entered Level 15 of the Dungeon
 26030 | D:15     | Noticed Roxanne
 26041 | D:15     | Reached skill level 13 in Invocations
 26055 | D:15     | Killed Roxanne
 26095 | D:15     | Noticed Rupert
 26104 | D:15     | Killed Rupert
 26526 | D:15     | Found a shimmering blue altar of Sif Muna.
 26617 | D:15     | Gained mutation: You have an extremely huge brain. (Int +4)
                  | [demonic ancestry]
 26617 | D:15     | Reached XP level 16. HP: 98/127 MP: 13/30
 26729 | D:15     | Found a staircase to the Depths.
 26983 | Shoals:1 | Entered Level 1 of the Shoals
 26983 | Shoals:1 | Found a transporter.
 26993 | Shoals:1 | Found a transporter.
 27017 | Shoals:1 | Found Usadohuth's Distillery.
 27475 | Shoals:1 | Found Qolam's Book Emporium.
 27517 | Shoals:1 | Found Rudizuw's Assorted Antiques.
 28352 | Shoals:2 | Noticed Polyphemus
 28362 | Shoals:2 | Killed Polyphemus
 28418 | Shoals:2 | Noticed a kraken
 28428 | Shoals:2 | Killed a kraken
 28874 | Shoals:3 | Found Laawnul's Antique Armour Boutique.
 29198 | Shoals:3 | Found Geuzy's Weapon Boutique.
 29208 | Shoals:3 | Found Niac Raq's General Store.
 29449 | Shoals:3 | Reached skill level 14 in Invocations
 29711 | Shoals:4 | Entered Level 4 of the Shoals
 29722 | Shoals:4 | Found Gouxuj's Weapon Shoppe.
 29811 | Shoals:4 | Found a glacial archway.
 29836 | IceCv    | Entered an ice cave
 29842 | IceCv    | HP: 5/129 [ice dragon simulacrum (2)]
 29842 | IceCv    | Mangled by an ice dragon simulacrum

Illustrated notes

Levels and vault maps discovered:
D:1:      psy_arrival_spokes, layout_loops_ring, serial_shops,
          nicolae_shop_rolled_up, chequers_ecumenical_altar_island
D:2:      layout_loops_cross, uniq_robin
D:3:      layout_loops_ring, serial_shops, shop, nicolae_nh_oracle_at_delphi,
          uniq_grinder
D:4:      layout_basic, hellmonk_no_cap
D:5:      layout_loops_corners, serial_shops, nicolae_shop_trees,
          mrwooster_statue_mirror, uniq_sigmund, uniq_prince_ribbit1
D:6:      lemuel_ratsnest, layout_rooms, trog_hazing_becter,
          nicolae_gozag_seed_capital, uniq_blork_the_orc, uniq_jeremiah
D:7:      layout_basic, grunt_temple_overflow_lords_of_destruction, minitemple,
          temple_fountains, mainiacjoe_ossuary_entry_dusty_tomb, enter_bailey_3,
          st_stairs_5
D:8:      cheibrodos_two_vegetables, layout_cave_pods, grunt_qazlal_clouds
D:9:      layout_cave_pods, grunt_lair_entry_orc_guard_hut, erik_orc_1,
          uniq_harold
D:10:     layout_roguey [special_room_kobold], serial_shops,
          nicolae_take_the_stairs, uniq_snorg
D:11:     layout_roguey, gammafunk_ghost_arena, minmay_fractal_squares_gapless_7
D:12:     layout_layer_cave, hellmonk_ghost_big_iron, special_room
          [special_room_orc]
D:13:     layout_cave_pods, david_vaults_1, kiku_gazebo_pond_becter
D:14:     layout_big_octagon, gauntlet_entry_generic,
          minmay_misc_feat_nine_boxes, uniq_louise, uniq_frances
D:15:     hangedman_depths_entry_try_elsewhere_first, layout_gridville,
          old_standard_altar, uniq_roxanne, uniq_rupert
Lair:1:   layout_layer_cave, basic_altar, grunt_megastairs_1,
          serial_bayou_shore_b
Lair:2:   layout_cave_shapes, elwin_shoals_entry_rooms
Lair:3:   layout_regular_city, nicolae_spider_entry_lesser_pyramids,
          hellmonk_guarded_unrand_vines
Lair:4:   layout_cave_pods, dpeg_slime_entry_enclosed, uniq_nessos
Lair:5:   minmay_lair_end_enchanted_forest, layout_misc_corridors,
          lemuel_fruit_tree, grunt_megastairs_5
Shoals:1: gammafunk_sealed_arena, layout_shoals, serial_shops,
          nicolae_shop_tiny_statue_garden, nicolae_shop_peninsula, shop
Shoals:2: layout_shoals, nzn_prometheus_bound, uniq_polyphemus
Shoals:3: layout_shoals, serial_shops, nicolae_shop_getting_attention, shop,
          nicolae_shop_rolling_square, nicolae_shop_advertising_works
          [nicolae_subvault_shop_adworks]
Shoals:4: shoals_end_simple, layout_shoals, serial_shops, shop,
          portal_ice_cave_entry_ice_statue_one
Orc:1:    layout_caves, basic_altar, serial_shops, shop, nicolae_shop_vocational
Orc:2:    grunt_orc_gardens, layout_caves, grunt_orc_garden, grunt_orc_garden,
          grunt_orc_garden, grunt_orc_garden, ebering_ghost_disaster_area,
          regret_index_xom_of_box, uniq_saint_roka
IceCv:    ice_cave_small_dragons

Skill      XL: |  1  2  3  4  5  6  7  8  9 10 11 12 13 14 15 16 |
---------------+-------------------------------------------------+-----
Fighting       | 1 2 3 4 5 6 7 8 9 10 11 12 | 12.4
Staves         | 2 3 5 6 7 8 9 |  9.5
Dodging        | 2 3 4 5 6 7 8 9 10 11 | 11.0
Armour         | 1 2 3 4 5 |  5.2
Invocations    | 2 3 4 6 7 9 10 12 13 14 | 14.1
Maces & Flails | 1 2 3 |  3.0
Spellcasting   | 2 3 4 5 6 7 8 9 10 11 | 11.0
Hexes          | 6 7 |  7.8
Necromancy     | 2 4 5 6 8 9 10 11 12 | 12.1
Polearms       | 1 3 4 5 |  5.3
Summonings     | 3 4 6 7 |  7.6
Evocations     | 2 4 5 |  5.9

Action                     |  1- 3 |  4- 6 |  7- 9 | 10-12 | 13-15 | 16-18 || total
---------------------------+-------+-------+-------+-------+-------+-------++-------
  Melee: Quarterstaff      |    67 |   102 |       |       |       |       ||   169
         Flail             |       |    41 |    74 |       |       |       ||   115
         Lajatang          |       |       |   342 |   319 |   768 |   121 ||  1550
  Throw: Dart              |       |       |       |       |     3 |       ||     3
   Cast: Slow              |     3 |     9 |    24 |     5 |     7 |     1 ||    49
         Jinxbite          |     6 |    22 |    36 |    20 |     9 |       ||    93
         Confusing Touch   |       |       |    11 |     6 |     2 |       ||    19
         Martyr's Knell    |       |       |       |    17 |    86 |    20 ||   123
         Vampiric Draining |       |       |       |       |     7 |       ||     7
         Dispel Undead     |       |       |       |       |    12 |       ||    12
         Anguish           |       |       |       |       |     8 |    31 ||    39
         Sublimation of Bl |       |       |       |       |     2 |       ||     2
         Death Channel     |       |       |       |       |     1 |     1 ||     2
 Invoke: Convert to Beogh  |       |     1 |       |       |       |       ||     1
         Recruit Apostle   |       |       |     2 |     1 |     3 |       ||     6
         Smiting           |       |       |       |     7 |    25 |     7 ||    39
         Dismiss Apostle   |       |       |       |       |     3 |       ||     3
         Recall Apostles   |       |       |       |       |    10 |     3 ||    13
  Evoke: Wand              |       |       |     1 |       |     8 |       ||     9
    Use: Potion            |     1 |     2 |       |     3 |     4 |       ||    10
         Scroll            |       |     5 |    10 |     1 |    24 |     2 ||    42
   Stab: Sleeping          |     1 |       |       |       |       |       ||     1
         Confused          |       |       |     4 |     2 |       |       ||     6
         Distracted        |       |       |       |     7 |    10 |     7 ||    24
         Paralysed         |       |       |       |       |     5 |       ||     5
         Invisible         |       |       |       |       |     2 |       ||     2
 Armour: Robe              |     5 |       |       |    19 |   553 |   103 ||   680
         Ring mail         |    31 |    79 |   244 |    60 |       |       ||   414
         Steam dragon scal |       |       |       |   183 |       |       ||   183
  Dodge: Dodged            |    32 |    98 |   403 |   362 |   813 |   189 ||  1897

Table legend: (Time is in decaauts)
 A = Elapsed time spent in this place.
 B = Non-inter-level travel time spent in this place.
 C = Inter-level travel time spent in this place.
 D = Time resting spent in this place.
 E = Time spent auto-exploring this place.
 F = Levels seen in this place.
 G = Mean time per level.
                   A        B        C        D        E       F      G
               +--------+--------+--------+--------+--------+-----+--------+
         Total |  30021 |  28240 |   1781 |   5255 |  16645 |  30 | 1000.7 |
       Dungeon |  17175 |  15721 |   1454 |   2676 |   9703 |  15 | 1145.0 |
          Lair |   7323 |   7093 |    230 |   2113 |   3582 |   5 | 1464.6 |
        Shoals |   2839 |   2808 |     31 |    214 |   1982 |   4 |  709.8 |
  Orcish Mines |   1310 |   1246 |     64 |    168 |    753 |   2 |  655.0 |
       Ossuary |    211 |    211 |      0 |      0 |      0 |   1 |  211.0 |
        Bailey |    388 |    388 |      0 |     55 |    162 |   1 |  388.0 |
      Ice Cave |      5 |      5 |      0 |      0 |      0 |   1 |    5.0 |
      Gauntlet |    767 |    767 |      0 |     29 |    463 |   1 |  767.0 |
               +--------+--------+--------+--------+--------+-----+--------+

Top non-repeatable levels by time:
     D:5: 1864 daAuts
  Lair:1: 1812 daAuts
  Lair:3: 1663 daAuts
  Lair:5: 1599 daAuts
    D:12: 1492 daAuts
     D:6: 1474 daAuts
     D:9: 1448 daAuts
    D:11: 1324 daAuts
     D:3: 1191 daAuts
  Lair:2: 1150 daAuts
     D:4: 1135 daAuts
     D:2: 1098 daAuts
  Lair:4: 1097 daAuts
     D:8: 1075 daAuts
    D:13: 1069 daAuts
